 Dungeon Crawl Stone Soup version 0.28-a0-1447-ga5a8893891 (webtiles) character file.

Game seed: 12353662243929837257

73 bande the Covered (level 4, 0/29 HPs)
             Began as a Gargoyle Fighter on Jan 10, 2022.
             Slain by Terence (3 damage)
             ... on level 2 of the Dungeon on Jan 11, 2022.
             The game lasted 00:02:54 (2162 turns).

bande the Covered (Gargoyle Fighter)                Turns: 2162, Time: 00:02:55

Health: 0/29       AC: 10    Str: 20    XL:     4   Next: 27%
Magic:  4/4        EV:  9    Int:  8    God:
Gold:   46         SH:  4    Dex: 11    Spells: 3/3 levels left

rFire   . . .      SeeInvis .   a - +0 war axe
rCold   . . .      Faith    .   c - +0 buckler
rNeg    + . .      Spirit   .   b - +0 scale mail
rPois   ∞          Reflect  .   (no helmet)
rElec   +          Harm     .   (no cloak)
rCorr   .          Rampage  .   (no gloves)
Will    .....                   (no boots)
Stlth   ..........              (no amulet)
HPRegen 0.09/turn               (no ring)
MPRegen 0.09/turn               (no ring)

@: no status effects
A: sickness immunity, AC +3, negative energy resistance 1, electricity
resistance, torment resistance 1, petrification resistance
a: no special abilities


You were on level 2 of the Dungeon.
You visited 1 branch of the dungeon, and saw 3 of its levels.

You collected 46 gold pieces.

Inventory:

Hand Weapons
 a - a +0 war axe (weapon)
Armour
 b - a +0 scale mail (worn)
 c - a +0 buckler (worn)
Scrolls
 e - 2 scrolls of identify {unknown}
 f - a scroll of immolation {unknown}
 h - a scroll of magic mapping {unknown}
Potions
 d - 2 potions of might
 g - a potion of curing {unknown}
 i - a potion of degeneration {unknown}
 j - a potion of lignification {unknown}


   Skills:
 + Level 3.8 Fighting
 + Level 2.8 Axes
 + Level 3.8 Armour
 + Level 3.7 Shields


You had 3 spell levels left.
You didn't know any spells.
Your spell library contained the following spells:

 Spells                   Type           Power      Damage    Failure   Level
 Magic Dart               Conj           0%         1d3       85%         1
 Call Imp                 Summ           0%         N/A       94%         2
 Mephitic Cloud           Conj/Pois/Air  0%         N/A       99%         3


Dungeon Overview and Level Annotations

Branches:
Dungeon (3/15)

Altars:

Annotations:
D:2 Sigmund, Terence


Innate Abilities, Weirdness & Mutations

You are immune to sickness and miasma.
Your stone body is resilient. (AC +3)
You are immune to poison.
You resist negative energy. (rN+)
You are resistant to electric shocks. (rElec)
You are resistant to unholy torment.
You are immune to petrification.


Message History

You open the door.
There is an open door here.
A rat comes into view.
Found 19 sling bullets.
A rat is nearby!
You hit the rat.
You kill the rat!
No target in view!
No target in view!
No target in view!
No target in view!
No target in view!
You see here 19 sling bullets.
Terence the Incautious comes into view.
He is wielding a +0 mace.
Terence shouts!
Terence is nearby!
Terence hits you but does no damage.
You closely miss Terence.
Sigmund the Dreaded comes into view.
He is wielding a +0 scythe, wearing a +2 robe of the Archmagi and carrying a wand of polymorph (12).
Terence barely misses you. Terence hits you with a +0 mace.
Sigmund shouts!
You hit Terence.
Terence is moderately wounded.
Terence hits you with a +0 mace!
You hit Terence but do no damage.
Terence is moderately wounded.
Terence hits you but does no damage. You block Terence's attack.
You hit Terence but do no damage.
Terence is moderately wounded.
Terence hits you with a +0 mace.
You barely miss Terence.
Terence is moderately wounded.
Terence hits you with a +0 mace. You block Sigmund's attack.
You hit Terence but do no damage.
Terence is moderately wounded.
Terence hits you with a +0 mace.
Sigmund hits you from afar with a +0 scythe!
* * * LOW HITPOINT WARNING * * *
Terence hits you with a +0 mace.
You die...

#.#####.#........ ..
#.#.....####...##
#.##<..##..####..... #
#.#.#####...........
#.#...................
....#####...........
.#####..#...'...........
.....@...##.#...........
#@@....##.######...
#.###..##...# #### ...
#..####.# #.##+
#..(....# # #.......# .
#.......# ## #.......#
..........# ..........#


You could see Sigmund and Terence.

Vanquished Creatures
  2 adders (D:2)
  2 dart slugs
  3 orcs
  5 ball pythons
  5 endoplasms
  A giant cockroach (D:2)
  2 goblins
  3 hobgoblins
  4 quokkas (D:1)
  5 bats
  6 kobolds
  7 rats
45 creatures vanquished.

Notes
Turn   | Place    | Note
-------+----------+-------------------------------------------
     0 | D:1      | bande the Gargoyle Fighter began the quest for the Orb.
     0 | D:1      | Reached XP level 1. HP: 14/14 MP: 1/1
   196 | D:1      | Found a faded altar of an unknown god.
   282 | D:1      | Reached XP level 2. HP: 19/19 MP: 2/2
   599 | D:1      | Reached XP level 3. HP: 23/23 MP: 3/3
  1687 | D:2      | Reached XP level 4. HP: 25/29 MP: 4/4
  2153 | D:2      | Noticed Terence
  2157 | D:2      | Noticed Sigmund
  2162 | D:2      | Slain by Terence

Illustrated notes

Levels and vault maps discovered:
D:1:      nzn_arrival_settlement, layout_loops_ring,
          dreamdust_ecumenical_altar_statues, minivault_23,
          minmay_misc_feat_chi, st_stairs_8
D:2:      layout_basic, minmay_tetromino_t4, uniq_sigmund, uniq_terence
D:3:      minmay_general_purpose_star, layout_loops_cross,
          nicolae_overflow_crystal_walls, mainiacjoe_overflow_small_starburst,
          serial_shops, nicolae_shop_bloodbath_and_beyond

Skill      XL: |  1  2 |
---------------+-------+-----
Axes           | 2 |  2.8
Fighting       | |  3.8
Armour         | |  3.8
Shields        | |  3.7

Action                   |  1- 3 |  4- 6 || total
-------------------------+-------+-------++-------
Melee: War axe           |   121 |    21 ||   142
Armor: Scale mail        |    80 |    12 ||    92
Dodge: Dodged            |    79 |     8 ||    87
Block: Buckler           |    35 |     3 ||    38

Table legend: (Time is in decaauts)
 A = Elapsed time spent in this place.
 B = Non-inter-level travel time spent in this place.
 C = Inter-level travel time spent in this place.
 D = Time resting spent in this place.
 E = Time spent auto-exploring this place.
 F = Levels seen in this place.
 G = Mean time per level.
                   A        B        C        D        E       F      G
               +--------+--------+--------+--------+--------+-----+--------+
         Total |   2224 |   2196 |     28 |    482 |   1322 |   3 |  741.3 |
       Dungeon |   2224 |   2196 |     28 |    482 |   1322 |   3 |  741.3 |
               +--------+--------+--------+--------+--------+-----+--------+

Top non-repeatable levels by time:
     D:2: 906 daAuts
     D:1: 793 daAuts
     D:3: 524 daAuts
